 Dungeon Crawl Stone Soup version 0.16.1-2-g95b8d4c (webtiles) character file.

20085 genja64 the Destroyer (level 12, -34/72 HPs)
             Began as a High Elf Necromancer on Mar 20, 2015.
             Was the Champion of Sif Muna.
             Killed from afar by a frost giant (57 damage)
             ... with a bolt of cold
             ... in an ice cave on Mar 24, 2015.
             The game lasted 01:31:04 (17391 turns).

genja64 the Destroyer (High Elf Necromancer)       Turns: 17391, Time: 01:31:04

Health: -34/72     AC:  8    Str:  7    XL:     12   Next: 42%
Magic:  31/43      EV: 12    Int: 25    God:    Sif Muna [******]
Gold:   804        SH:  0    Dex: 20    Spells: 11 memorised, 5 levels left

rFire  . . .     SeeInvis .     p - +0 blowgun
rCold  . . .     Clarity  .     y - +0 ring mail of Fepat {rPois Regen+ MP+9 Dex-4}
rNeg   . . .     SustAb   .     (no shield)
rPois  +         Gourm    .     d - +0 helmet
rElec  .         Spirit   .     (no cloak)
rCorr  .         Warding  .     w - +1 pair of gloves
rMut   .         Stasis   .     (no boots)
MR     +....                    (no amulet)
Stlth  ++........               u - +6 ring of dexterity (curse)
                                s - +2 ring of dexterity

@: repel missiles, somewhat resistant to hostile enchantments, unstealthy
A: no striking features
a: Channel Energy, Forget Spell, Renounce Religion


You were in an ice cave.
You worshipped Sif Muna.
Sif Muna was exalted by your worship.
You were not hungry.

You visited 3 branches of the dungeon, and saw 13 of its levels.
You also visited: Ossuary and Ice Cave.

You collected 804 gold pieces.

Inventory:

Hand weapons
 e - a +0 dagger of venom
 p - a +0 blowgun (weapon)
Missiles
 h - 3 curare-tipped needles
 r - 28 poisoned needles (quivered)
Armour
 d - a +0 helmet (worn)
 w - a +1 pair of gloves (worn)
 y - the +0 ring mail of Fepat (worn) {rPois Regen+ MP+9 Dex-4}
   (You found it on level 6 of the Dungeon)

   It affects your dexterity (-4).
   It protects you from poison.
   It affects your magic capacity (+9).
   It increases your rate of regeneration.
Magical staves
 C - an uncursed staff of death
Jewellery
 i - an uncursed ring of protection from fire
 s - a +2 ring of dexterity (left hand)
 u - a cursed +6 ring of dexterity (right hand)
 J - an uncursed ring of protection from fire
Magical devices
 L - a wand of draining (6)
 M - a wand of paralysis (15)
 O - a wand of confusion (27)
 P - a wand of fire (0)
 T - a wand of enslavement (12)
Scrolls
 g - a scroll of amnesia
 j - 5 scrolls of remove curse
 k - 4 scrolls of recharging
 q - a scroll of identify
 v - 4 scrolls of teleportation
 H - a scroll of blinking {unknown}
 I - 2 scrolls of magic mapping
 N - a scroll of vulnerability {unknown}
 S - a scroll of torment {unknown}
Potions
 a - a potion of poison
 l - 2 potions of restore abilities
 m - 3 potions of might
 x - 7 potions of heal wounds
 z - 3 potions of haste
 A - 6 potions of curing
 B - a potion of mutation
 D - 2 potions of magic
 E - a potion of flight
 F - a potion of resistance
 G - a potion of agility
 K - a potion of brilliance
Books
 b - a book of Necromancy

   Spells                             Type                      Level
   a - Pain                           Necromancy                   1
   b - Animate Skeleton               Necromancy                   1
   c - Vampiric Draining              Necromancy                   3
   d - Regeneration                   Charms/Necromancy            3
   e - Animate Dead                   Necromancy                   4
   f - Control Undead                 Necromancy                   4
 t - a book of Minor Magic

   Spells                             Type                      Level
   a - Magic Dart                     Conjuration                  1
   b - Blink                          Translocation                2
   c - Call Imp                       Summoning                    2
   d - Repel Missiles                 Charms/Air                   2
   e - Slow                           Hexes                        2
   f - Conjure Flame                  Conjuration/Fire             3
   g - Mephitic Cloud                 Conjuration/Poison/Air       3
 Q - a book of Power

   Spells                             Type                      Level
   a - Fulminant Prism                Conjuration/Hexes            4
   b - Iskenderun's Mystic Blast      Conjuration                  4
   c - Venom Bolt                     Conjuration/Poison           5
   d - Bolt of Magma                  Conjuration/Fire/Earth       5
   e - Iron Shot                      Conjuration/Earth            6
   f - Orb of Destruction             Conjuration                  7
   g - Spellforged Servitor           Conjuration/Summoning        7
 R - a book of Burglary

   Spells                             Type                      Level
   a - Swiftness                      Charms/Air                   2
   b - Passwall                       Transmutation/Earth          3
   c - Passage of Golubria            Translocation                4
   d - Lee's Rapid Deconstruction     Earth                        5
   e - Invisibility                   Hexes                        6
   f - Darkness                       Hexes                        7
 U - a book of Clouds

   Spells                             Type                      Level
   a - Mephitic Cloud                 Conjuration/Poison/Air       3
   b - Conjure Flame                  Conjuration/Fire             3
   c - Poisonous Cloud                Conjuration/Poison/Air       6
   d - Freezing Cloud                 Conjuration/Ice/Air          6
   e - Ring of Flames                 Charms/Fire                  7
Comestibles
 c - 6 bread rations
 f - a beef jerky
 n - 6 meat rations
 o - 3 fruits


   Skills:
 - Level 3.2 Fighting
 - Level 1.0 Armour
 - Level 4.1 Dodging
 - Level 2.1 Stealth
 + Level 12.5 Spellcasting
 + Level 12.9 Conjurations
 - Level 5.0 Charms
 - Level 8.0 Necromancy
 - Level 1.2 Translocations
 - Level 5.4 Air Magic
 - Level 4.0 Invocations


You had 5 spell levels left.
You knew the following spells:

 Your Spells              Type           Power        Failure   Level  Hunger
a - Pain                  Necr           ####         1%          1    None
b - Animate Skeleton      Necr           N/A          1%          1    None
c - Vampiric Draining     Necr           ######....   1%          3    None
d - Animate Dead          Necr           N/A          6%          4    None
e - Blink                 Tloc           N/A          14%         2    None
f - Repel Missiles        Chrm/Air       #####.       2%          2    None
g - Mephitic Cloud        Conj/Pois/Air  #####...     3%          3    None
h - Control Undead        Necr           ######....   6%          4    None
i - Regeneration          Chrm/Necr      #####.....   2%          3    None
j - Iskenderun's Mystic   Conj           ######..     1%          4    None
k - Fulminant Prism       Conj/Hex       #####.....   12%         4    None


Dungeon Overview and Level Annotations

Branches:
Dungeon (9/15)             Temple (1/1) D:5            Lair (3/8) D:9
    Orc (0/4) D:9
  Swamp: Lair:3-6    Shoals: Lair:3-6     Snake: Lair:3-6    Spider: Lair:3-6

Altars:
Ashenzari
Cheibriados
Dithmenos
Elyvilon
Fedhas
Gozag
Kikubaaqudgha
Makhleb
Nemelex Xobeh
Okawaru
Qazlal
Ru
Sif Muna
Trog
Vehumet
Xom
Yredelemnul
Zin
The Shining One
Beogh

Shops:
D:6 [

Annotations:
D:6 exclusions: 2 killer bees and 3 more exclusions
Lair:3 exclusion: 2 oklob plants IceCv exclusion: ice statue, wanderer1's ghost, powerful MiGl


Message History

Unknown command.
Unknown command.
Unknown command.
Unknown command.
Unknown command.
You swap places.
The death yak gores your polar bear skeleton!!
Something gores your polar bear skeleton!
Your polar bear skeleton bites something but does no damage.
Your polar bear skeleton claws something but does no damage. x2
Something gores your polar bear skeleton!
Your polar bear skeleton bites something but does no damage.
Your polar bear skeleton claws something but does no damage.
Your polar bear skeleton barely misses something.
The frost giant points at you and mumbles some strange words.
The bolt of cold hits your polar bear skeleton.
Your polar bear skeleton resists.
The bolt of cold hits you!
Ouch! That really hurt!
You die...

##### ########## ##.#.##
#CZ.##...########.#.⌠.#
#..Y##..@##Z..#..#.###.##
#...C#
########..#..#######
.....# #..#####.≈≈#≈≈
....# ##..##..≈#≈≈≈≈ #..
###.Z.##≈≈≈#≈ #
#####≈≈≈### #≈≈#≈≈≈≈
≈≈≈≈≈≈≈≈≈# ≈≈≈≈≈≈≈###


You could see a frost giant and a friendly polar bear skeleton.

Vanquished Creatures
  Fannar (Lair:2)
  Harold (Lair:1)
  The ghost of lorenzova the Unseen, a powerful SpEn of Dithmenos (IceCv)
  A black mamba (Lair:2)
  2 komodo dragons (Lair:1)
  2 spiny frogs
  A troll (D:9)
  13 polar bears (IceCv)
  5 blink frogs
  A deep elf mage (D:9)
  18 yaks
  10 wolves (IceCv)
  Edmund (D:6)
  A porcupine (Lair:1)
  A water moccasin (D:5)
  2 orc warriors
  A sky beast (D:6)
  2 black bears
  4 ice beasts
  6 ogres
  3 crocodiles
  5 centaurs
  5 giant frogs
  A scorpion (D:4)
  A yak zombie (Lair:2)
  10 killer bees
  A goliath beetle (D:6)
  3 centaur zombies
  A giant frog skeleton (D:5)
  A giant frog zombie (D:6)
  Dowan (D:8)
  4 hounds
  A wolf zombie (IceCv)
  7 orc priests
  A jelly (D:8)
  4 orc wizards
  4 worker ants
  15 iguanas
  3 sheep (Lair:2)
  A big kobold zombie (Ossuary)
  2 mummies (Ossuary)
  A worker ant zombie (D:5)
  11 adders
  A shadow imp (D:6)
  33 river rats
  10 white imps (Lair:3)
  3 worms
  An adder skeleton (D:4)
  5 giant geckos
  An ooze (D:2)
  42 orcs
  3 giant cockroaches
  13 hobgoblins
  A ball python (D:4)
  13 bats
  5 giant newts
  2 gnoll zombies (Ossuary)
  12 goblins
  A goblin zombie (Ossuary)
  2 hobgoblin zombies (Ossuary)
  13 jackals
  11 kobolds
  4 quokkas
  9 rats
345 creatures vanquished.

Vanquished Creatures (collateral kills)
  A hydra (Lair:1)
  2 death yaks (IceCv)
  A black mamba (Lair:1)
  2 spiny frogs (Lair:1)
  A komodo dragon (Lair:2)
  3 wolves (IceCv)
  A polar bear (IceCv)
  A trapdoor spider zombie (D:9)
  A basilisk (Lair:1)
  7 yaks
  Menkaure (D:7)
  3 porcupines
  A water moccasin (Lair:2)
  A swamp drake (D:9)
  A slave (D:7)
  A sky beast (D:8)
  An ogre (D:8)
  A black bear (D:8)
  2 phantoms
  3 crocodiles
  Duvessa (D:8)
  A giant frog (Lair:1)
  3 killer bees
  A giant frog zombie (D:9)
  A wolf skeleton (IceCv)
  2 crimson imps (D:8)
  2 orc priests
  A centaur skeleton (D:8)
  An orc wizard (D:9)
  3 iguanas
  3 sheep (Lair:2)
  A worker ant (D:8)
  2 mummies
  14 river rats
  2 white imps (Lair:3)
  7 orcs
  A bat skeleton (D:5)
  2 quokkas
  A bat (D:2)
  A jackal skeleton (D:6)
  A rat (D:3)
  2 fungi (Lair:2)
  A plant (Lair:2)
89 creatures vanquished.

Vanquished Creatures (others)
  A black mamba zombie (Lair:1)
  2 yaks (IceCv)
  A spiny frog skeleton (Lair:2)
  A komodo dragon zombie (Lair:1)
  6 yak zombies (IceCv)
  5 polar bear zombies (IceCv)
  A troll zombie (D:9)
  4 wolf zombies (IceCv)
  A yak skeleton (IceCv)
  A giant frog zombie (Lair:1)
  17 fulminant prisms
  2 centaur skeletons
  2 crocodile zombies
  An ogre zombie (D:9)
  An ogre skeleton (D:7)
  A hound zombie (Lair:2)
  A worker ant zombie (D:8)
  An iguana skeleton (D:9)
  5 iguana zombies
  12 orc zombies (D:9)
  A sheep zombie (Lair:2)
  An adder skeleton (D:3)
  2 elf skeletons
  2 bat skeletons
  12 river rat zombies
  2 giant gecko skeletons
  2 giant newt skeletons (D:3)
  3 goblin skeletons
  A hobgoblin skeleton (D:2)
  2 jackal skeletons (D:6)
  4 kobold skeletons
  A kobold zombie (D:9)
  7 orc skeletons
  A quokka skeleton (Lair:1)
  A quokka zombie (Lair:3)
  4 rat skeletons
  A rat zombie (D:9)
  A fungus (D:6)
114 creatures vanquished.

Grand Total: 548 creatures vanquished

Notes
Turn   | Place    | Note
--------------------------------------------------------------
     0 | D:1      | genja64, the High Elf Necromancer, began the quest for the Orb.
     0 | D:1      | Reached XP level 1. HP: 11/11 MP: 4/4
   355 | D:1      | Learned a level 1 spell: Animate Skeleton
   888 | D:1      | Reached XP level 2. HP: 12/17 MP: 3/6
  1767 | D:2      | Reached XP level 3. HP: 9/21 MP: 0/8
  2089 | D:2      | Reached skill level 4 in Necromancy
  2900 | D:2      | Reached XP level 4. HP: 25/27 MP: 9/13
  3470 | D:3      | Reached skill level 5 in Spellcasting
  3470 | D:3      | Reached XP level 5. HP: 20/31 MP: 12/18
  4336 | D:3      | Learned a level 3 spell: Vampiric Draining
  4563 | D:4      | Reached skill level 6 in Spellcasting
  4637 | D:4      | Reached XP level 6. HP: 33/36 MP: 18/21
  4698 | D:4      | Reached skill level 7 in Spellcasting
  5352 | D:4      | Reached skill level 8 in Spellcasting
  5352 | D:4      | Reached XP level 7. HP: 41/41 MP: 23/25
  5529 | D:5      | Entered Level 5 of the Dungeon
  5767 | D:5      | Reached skill level 9 in Spellcasting
  6050 | D:5      | Found a staircase to the Ecumenical Temple.
  6057 | Temple   | Entered the Ecumenical Temple
  6093 | Temple   | Became a worshipper of Sif Muna the Loreminder
  6153 | D:5      | Learned a level 4 spell: Control Undead
  6164 | D:5      | Found a sand-covered staircase.
  6180 | Ossuary  | Entered an ossuary
  6549 | Ossuary  | Reached XP level 8. HP: 37/46 MP: 27/27
  6833 | D:5      | Reached skill level 10 in Spellcasting
  7022 | D:6      | Found Juadiuz's Armour Shop.
  7171 | D:6      | Got an aquamarine-studded ring mail
  7183 | D:6      | Identified the +0 ring mail of Fepat {rPois Regen+ MP+9 Dex-4} (You found it on level 6 of the Dungeon)
  7427 | D:6      | Reached skill level 1 in Fighting
  7447 | D:6      | Found a blossoming altar of Fedhas.
  7514 | D:6      | Reached skill level 1 in Armour
  7541 | D:6      | Noticed Edmund
  7559 | D:6      | Killed Edmund
  7559 | D:6      | Acquired Sif Muna's first power
  7619 | D:6      | Reached skill level 5 in Necromancy
  8162 | D:7      | Reached XP level 9. HP: 41/53 MP: 29/29
  8209 | D:7      | Found a bloodstained altar of Trog.
  8211 | D:7      | Found a glowing silver altar of Zin.
  8212 | D:7      | Found a white marble altar of Elyvilon.
  8212 | D:7      | Found an opulent altar of Gozag.
  8213 | D:7      | Found a radiant altar of Vehumet.
  8213 | D:7      | Found a sacrificial altar of Ru.
  8257 | D:7      | Noticed Menkaure
  8277 | D:7      | Killed Menkaure
  8340 | D:7      | Noticed a purple ugly thing
  8443 | D:8      | Reached skill level 11 in Spellcasting
  8470 | D:8      | Noticed Dowan
  8479 | D:8      | Killed Dowan
  8483 | D:8      | Noticed Duvessa
  8492 | D:8      | Killed Duvessa
  8492 | D:8      | Acquired Sif Muna's second power
  8526 | D:8      | Your ally Dowan died
  8682 | D:8      | Learned a level 4 spell: Animate Dead
  8716 | D:8      | Learned a level 2 spell: Repel Missiles
  8737 | D:8      | Reached skill level 1 in Charms
  8766 | D:8      | Reached skill level 1 in Air Magic
  9009 | D:8      | Learned a level 3 spell: Mephitic Cloud
  9012 | D:8      | Learned a level 2 spell: Blink
  9170 | D:8      | Reached skill level 1 in Conjurations
  9227 | D:8      | Reached skill level 1 in Translocations
  9445 | D:8      | Found a blossoming altar of Fedhas.
 10048 | D:9      | Reached XP level 10. HP: 50/58 MP: 19/31
 10088 | D:9      | Found a staircase to the Lair.
 10279 | D:9      | Found a staircase to the Orcish Mines.
 10340 | D:9      | Reached skill level 5 in Charms
 10417 | D:9      | Found a roughly hewn altar of Beogh.
 10583 | D:9      | Acquired Sif Muna's third power
 10606 | D:9      | Reached skill level 5 in Air Magic
 10606 | D:9      | Reached skill level 1 in Invocations
 11226 | Lair:1   | Entered Level 1 of the Lair of Beasts
 11242 | Lair:1   | Reached skill level 5 in Conjurations
 12218 | Lair:1   | Noticed a black mamba
 12227 | Lair:1   | Killed a black mamba
 12227 | Lair:1   | Reached XP level 11. HP: 53/63 MP: 21/32
 12573 | Lair:1   | Noticed a six-headed hydra
 12585 | Lair:1   | Killed a six-headed hydra
 12749 | Lair:1   | Noticed Harold
 12767 | Lair:1   | Killed Harold
 13849 | Lair:2   | Noticed Fannar
 13875 | Lair:2   | Killed Fannar
 13961 | Lair:2   | Learned a level 3 spell: Regeneration
 14326 | Lair:1   | Upgraded the game from 0.16.0-17-g811c1d7 to 0.16.1-2-g95b8d4c
 14441 | Lair:2   | Received a gift from Sif Muna
 14513 | Lair:2   | Learned a level 4 spell: Iskenderun's Mystic Blast
 14722 | Lair:2   | Reached skill level 10 in Conjurations
 15136 | Lair:2   | Learned a level 4 spell: Fulminant Prism
 15457 | Lair:3   | Found a frozen archway.
 15612 | IceCv    | Entered an ice cave
 15763 | IceCv    | Noticed lorenzova's ghost (powerful SpEn)
 15786 | IceCv    | Killed lorenzova's ghost
 15825 | IceCv    | Noticed an ice statue
 16000 | IceCv    | Reached XP level 12. HP: 53/72 MP: 4/33
 16214 | IceCv    | Reached skill level 12 in Conjurations
 16442 | IceCv    | Noticed a death yak
 16455 | IceCv    | Killed a death yak
 16494 | IceCv    | Noticed a death yak
 16507 | IceCv    | Killed a death yak
 16768 | IceCv    | Noticed a death yak
 16768 | IceCv    | Noticed a frost giant
 16796 | IceCv    | Received a gift from Sif Muna
 16824 | IceCv    | Noticed wanderer1's ghost (powerful MiGl)
 17391 | IceCv    | Killed from afar by a frost giant

Action                   |  1- 3 |  4- 6 |  7- 9 | 10-12 || total
-------------------------+-------+-------+-------+-------++-------
Melee: Unarmed           |    14 |       |       |       ||    14
       Dagger            |    22 |    17 |   172 |   234 ||   445
       Blowgun           |       |       |     1 |       ||     1
 Fire: Blowgun           |       |    64 |   109 |    90 ||   263
 Cast: Pain              |    65 |    77 |   146 |   210 ||   498
       Animate Skeleton  |    12 |    19 |    19 |    17 ||    67
       Vampiric Draining |       |       |    54 |   166 ||   220
       Control Undead    |       |       |     3 |    10 ||    13
       Animate Dead      |       |       |     8 |    35 ||    43
       Repel Missiles    |       |       |     2 |     2 ||     4
       Mephitic Cloud    |       |       |       |    14 ||    14
       Iskenderun's Myst |       |       |       |    31 ||    31
       Fulminant Prism   |       |       |       |    17 ||    17
       Blink             |       |       |       |     7 ||     7
       Regeneration      |       |       |       |     1 ||     1
Invok: Channel Energy    |       |       |       |    39 ||    39
Evoke: Wand              |       |       |       |     1 ||     1
  Use: Scroll            |       |    10 |    14 |     6 ||    30
       Potion            |       |       |       |     3 ||     3
 Stab: Sleeping          |       |     8 |    10 |     3 ||    21
       Distracted        |       |       |     4 |     2 ||     6
       Confused          |       |       |       |     4 ||     4
       Invisible         |       |       |       |     4 ||     4
  Eat: Chunk             |     6 |     7 |     8 |    20 ||    41
       Bread ration      |       |       |     1 |     2 ||     3
       Pizza             |       |       |     1 |       ||     1
       Royal jelly       |       |       |       |     1 ||     1
       Beef jerky        |       |       |       |     2 ||     2
